 Dungeon Crawl Stone Soup version 0.24.0-1-gfbc8707122 (webtiles) character file.

Game seed: 12261943472923329909, levelgen mode: deterministic

123 Esekla the Skirmisher (level 5, -1/42 HPs)
             Began as a Formicid Warper on Oct 28, 2019.
             Slain by an ice beast (14 damage)
             ... on level 3 of the Dungeon.
             The game lasted 00:17:46 (3018 turns).

Esekla the Skirmisher (Formicid Warper)             Turns: 3018, Time: 00:17:46

Health: -1/42      AC:  4    Str: 17    XL:     5   Next: 28%
Magic:  8/8        EV: 12    Int: 12    God:
Gold:   141        SH:  0    Dex: 10    Spells: 6/8 levels left

rFire    . . .     SeeInvis +   j - +0 hand axe (venom)
rCold    . . .     Gourm    .   (no shield)
rNeg     . . .     Faith    .   b - +0 leather armour
rPois    .         Spirit   .   (helmet unavailable)
rElec    .         Reflect  .   (no cloak)
rCorr    .         Harm     .   k - +0 pair of gloves
MR       .....                  (no boots)
Stlth    +.........             (no amulet)
HPRegen  0.14/turn              s - ring of wizardry
MPRegen  0.11/turn              (no ring)

@: no status effects
A: permanent stasis, dig shafts and tunnels, four strong arms, antennae 3
a: Dig, Shaft Self


You were on level 3 of the Dungeon.
You were not hungry.

You visited 1 branch of the dungeon, and saw 3 of its levels.

You collected 141 gold pieces.

Inventory:

Hand Weapons
 a - a +0 falchion
 j - a +0 hand axe of venom (weapon)
 p - a +0 spear
Missiles
 e - 5 boomerangs of dispersal
 r - 5 boomerangs (quivered)
Armour
 b - a +0 leather armour (worn)
 k - a +0 pair of gloves (worn)
Jewellery
 s - a ring of wizardry (left hand)
Scrolls
 c - 2 scrolls of amnesia {unknown}
 g - a scroll of magic mapping {unknown}
 i - a scroll of identify {unknown}
 m - a scroll of remove curse {unknown}
 o - a scroll of fog {unknown}
Potions
 d - 2 potions of magic {unknown}
 h - a potion of resistance {unknown}
 l - a potion of degeneration {unknown}
 n - 2 potions of heal wounds {unknown}
 q - a potion of ambrosia {unknown}
Comestibles
 f - a ration
 t - 2 chunks of flesh


   Skills:
 * Level 3.8 Fighting
 + Level 3.0 Long Blades
 - Level 1.0 Throwing
 + Level 1.8 Armour
 + Level 2.1 Dodging
 + Level 0.4 Stealth
 - Level 2.3 Spellcasting
 * Level 1.1 Charms
 - Level 2.6 Translocations


You had 6 spell levels left.
You knew the following spells:

 Your Spells              Type           Power        Failure   Level  Hunger
a - Shroud of Golubria    Chrm/Tloc      #.....       9%          2    ###....

Your spell library contained the following spells:

 Spells                   Type           Power        Failure   Level  Hunger
 Gell's Gravitas          Tloc           #.........   12%         3    ####...
 Lesser Beckoning         Tloc           #.........   12%         3    ####...
 Teleport Other           Tloc           #.......     12%         3    ####...
 Passage of Golubria      Tloc           N/A          38%         4    #####..
 Blink                    Tloc           Unusable     N/A         2    N/A

Dungeon Overview and Level Annotations

Branches:
Dungeon (3/15)

Altars:
Nemelex Xobeh
Ru
Yredelemnul
Zin


Innate Abilities, Weirdness & Mutations

You cannot be hasted, slowed, berserked, paralysed or teleported.
You can dig through walls and to a lower floor.
Your four strong arms can wield two-handed weapons with a shield.
You have a pair of large antennae on your head. (SInv)


Message History

You closely miss the ice beast.
The ice beast is lightly wounded.
The ice beast closely misses you.
You slash the ice beast!
The ice beast is moderately wounded.
The ice beast hits you but does no damage.
You closely miss the ice beast.
The ice beast is moderately wounded.
The ice beast barely misses you. The ice beast hits you.
The ice beast freezes you!
You barely miss the ice beast.
The ice beast is moderately wounded.
The ice beast hits you but does no damage.
You hit the ice beast but do no damage.
The ice beast is moderately wounded.
The ice beast hits you but does no damage.
You hit the ice beast.
The ice beast is heavily wounded.
The ice beast hits you. The ice beast freezes you!
You die...

.......#.
.......
...... ....#
.... #..# #
#Y.#
#.##@>###...
#...........
####.####.##
#.# .. #.#
#.. #.# #..
#.# #.#
#<#### #.#
#.##.. #.#


You could see an ice beast.

Vanquished Creatures
  Terence (D:2)
  3 adders
  An ooze (D:3)
  A dart slug (D:1)
  A leopard gecko (D:1)
  7 orcs
  9 bats
  2 giant cockroaches (D:1)
  6 hobgoblins
  6 jackals
  2 quokkas
  4 frilled lizards
  A goblin (D:1)
  6 kobolds
  5 rats
55 creatures vanquished.

Notes
Turn   | Place    | Note
-------+----------+-------------------------------------------
     0 | D:1      | Esekla the Formicid Warper began the quest for the Orb.
     0 | D:1      | Reached XP level 1. HP: 16/16 MP: 3/3
    54 | D:1      | Reached XP level 2. HP: 22/23 MP: 5/5
    64 | D:1      | Learned a level 2 spell: Shroud of Golubria
   167 | D:2      | Reached XP level 3. HP: 11/28 MP: 6/6
   466 | D:2      | Found a basalt altar of Yredelemnul.
   696 | D:2      | Found a sacrificial altar of Ru.
   844 | D:2      | Reached skill level 1 in Charms
  1291 | D:2      | Noticed Terence
  1295 | D:2      | You fall into a shaft and drop 1 floor!
  1639 | D:2      | Reached XP level 4. HP: 35/35 MP: 7/7
  1661 | D:2      | Found a glowing silver altar of Zin.
  1777 | D:3      | Found a sparkling altar of Nemelex Xobeh.
  2913 | D:2      | Killed Terence
  2913 | D:2      | Reached XP level 5. HP: 38/42 MP: 6/8
  3007 | D:3      | Noticed an ice beast
  3018 | D:3      | Slain by an ice beast

Levels and vault maps discovered:
D:1:      lightli_arrival_maybe_door_vault, layout_loops_ring
D:2:      layout_loops_ring, zin_treasury, lemuel_doored_altar,
          nicolae_ru_sacrificial_ziggurat, uniq_terence
D:3:      layout_loops_ring, nemelex_xobeh_ov_fountains_minmay,
          grunt_temple_overflow_diamond

Skill      XL: |  1  2  3  4 |
---------------+-------------+-----
Fighting       | 3 |  3.8
Dodging        | 2 |  2.1
Charms         | 1 |  1.1
Long Blades    | 3 |  3.0
Throwing       | |  1.0
Armour         | |  1.8
Stealth        | |  0.4
Spellcasting   | |  2.3
Translocations | |  2.6

Action                   |  1- 3 |  4- 6 || total
-------------------------+-------+-------++-------
Melee: Falchion          |   111 |    83 ||   194
       Hand axe          |       |    16 ||    16
 Cast: Shroud of Golubri |       |     1 ||     1
 Abil: Shaft Self        |     1 |       ||     1
  Use: Potion            |     1 |     2 ||     3
       Scroll            |     1 |       ||     1
  Eat: Ration            |     1 |       ||     1
       Chunk             |       |     4 ||     4
Armor: Leather armour    |    30 |    31 ||    61
Dodge: Dodged            |    78 |    86 ||   164
       Rpst.: Falchion   |    24 |    32 ||    56
